 Dungeon Crawl Stone Soup version 0.27.1-34-g3ba077fa99 (webtiles) character file.

Game seed: 8470094300705046923

201250 Delamore the Unseen (level 18, -2/120 HPs)
             Began as an Octopode Brigand on Feb 17, 2022.
             Was an Initiate of Gozag.
             Slain by a bunyip (24 damage)
             ... on level 2 of the Swamp.
             The game lasted 00:58:05 (36200 turns).

Delamore the Unseen (Octopode Brigand)             Turns: 36200, Time: 00:58:05

Health: -2/120     AC: 15    Str: 12    XL:     18   Next: 54%
Magic:  28/31      EV: 22    Int: 23    God:    Gozag
Gold:   672        SH: 17    Dex: 17    Spells: 23/35 levels left

rFire    . . .     SeeInvis +   E - +9 quick blade (spect)
rCold    + + .     Faith    .   d - +5 kite shield {rC+}
rNeg     . . .     Spirit   .   q - +2 hat of Philately {rC+ rCorr Str-4 SInv}
rPois    +         Reflect  .   M - amulet of regeneration
rElec    .         Harm     .   s - ring "Zaetior" {rPois Str+5}
rCorr    +         Rampage  .   j - ring of the Tortoise {AC+8}
Will     ++...                  w - +4 ring of protection
Stlth    +++++++++.             H - +4 ring of evasion
HPRegen  1.30/turn              L - +4 ring of slaying
MPRegen  0.22/turn              W - ring of willpower
                                B - +4 ring of slaying
                                R - +6 ring of intelligence

@: gold aura, studying Spellcasting
A: almost no armour, amphibious, 8 rings, camouflage 1, gelatinous body 1,
(nimble swimmer 1), tentacles
}: 1/15 runes: gossamer
a: Renounce Religion, Potion Petition, Call Merchant, Bribe Branch


You were on level 2 of the Swamp.
You worshipped Gozag.
Gozag was pleased with you.
You visited 6 branches of the dungeon, and saw 30 of its levels.
You visited 1 bazaar.
You also visited: Sewer, Ossuary, Bailey, Gauntlet and Ice Cave.

You collected 10394 gold pieces.
You spent 3230 gold pieces at shops.
You paid 6492 gold pieces to Gozag.

Inventory:

Hand Weapons
 E - a +9 spectral quick blade (weapon)
Missiles
 b - 73 poisoned darts
 c - 4 curare-tipped darts
 J - 26 javelins
 K - 6 throwing nets
 O - 2 silver boomerangs
 P - 9 boomerangs (quivered)
 Q - 8 atropa-tipped darts
 Y - 8 silver javelins
Armour
 d - a +5 kite shield of cold resistance (worn)
 q - the +2 hat of Philately (worn) {rC+ rCorr Str-4 SInv}
   (You bought it in a shop on level 9 of the Dungeon)

   Str:       It affects your strength (-4).
   rC:        It protects you from cold.
   SInv:      It lets you see invisible.
   rCorr:     It protects you from acid and corrosion.
Jewellery
 a - the ring of the Oligarchy {rPois Str+2 Dex-3 Stlth+}
   (You bought it in a shop on level 3 of the Lair of Beasts)

   [ring of poison resistance]

   Str:       It affects your strength (+2).
   Dex:       It affects your dexterity (-3).
   rPois:     It protects you from poison.
   Stlth:     It makes you more stealthy.
 j - the ring of the Tortoise (right tentacle) {AC+8}
   (You found it on level 6 of the Lair of Beasts)

   [ring of protection]

   AC:        It affects your AC (+8).
 s - the ring "Zaetior" (left tentacle) {rPois Str+5}
   (You found it in a Gauntlet)

   [ring of poison resistance]

   Str:       It affects your strength (+5).
   rPois:     It protects you from poison.
 w - a +4 ring of protection (on tentacle)
 B - a +4 ring of slaying (on tentacle)
 H - a +4 ring of evasion (on tentacle)
 L - a +4 ring of slaying (on tentacle)
 M - an amulet of regeneration (around mantle)
 R - a +6 ring of intelligence (on tentacle)
 W - a ring of willpower (on tentacle)
Wands
 t - a wand of digging (13)
 x - a wand of mindburst (33)
 G - a wand of iceblast (42)
 S - a wand of flame (22)
 U - a wand of acid (41)
 V - a wand of paralysis (25)
Scrolls
 l - 5 scrolls of fear
 m - 12 scrolls of teleportation
 n - 3 scrolls of blinking
 u - 3 scrolls of fog
 v - 5 scrolls of immolation
 y - 5 scrolls of magic mapping
 D - 7 scrolls of identify
 N - a scroll of summoning
 T - 2 scrolls of amnesia
 X - 2 scrolls of silence
Potions
 e - 3 potions of berserk rage
 f - 11 potions of curing
 g - 6 potions of haste
 h - 14 potions of ambrosia
 i - 8 potions of heal wounds
 k - 4 potions of magic
 o - 4 potions of flight
 r - 2 potions of cancellation
 z - 3 potions of resistance
 A - 3 potions of mutation
 C - 3 potions of might
 I - 3 potions of brilliance
Miscellaneous
 F - a lightning rod (4/4)


   Skills:
 - Level 10.0 Fighting
 - Level 10.0 Short Blades
 - Level 10.0 Throwing
 - Level 10.0 Dodging
 - Level 20.0 Stealth
 + Level 12.5 Shields
 + Level 9.0 Spellcasting
 - Level 10.0 Hexes
 - Level 15.0 Evocations


You had 23 spell levels left.
You knew the following spells:

 Your Spells              Type           Power      Damage    Failure   Level
a - Slow                  Hex            54%        N/A       1%          2
b - Dazzling Flash        Conj/Hex       66%        N/A       3%          3
c - Cause Fear            Hex            27%        N/A       1%          4
d - Tukima's Dance        Hex            54%        N/A       1%          3

Your spell library contained the following spells:

 Spells                   Type           Power      Damage    Failure   Level
 Corona                   Hex            60%        N/A       1%          1
 Ensorcelled Hibernation  Hex/Ice        66%        N/A       1%          2
 Confusing Touch          Hex            54%        N/A       1%          3
 Portal Projectile        Hex/Tloc       66%        N/A       3%          3
 Summon Guardian Golem    Hex/Summ       33%        N/A       3%          3
 Apportation              Tloc           20%        N/A       9%          1
 Freeze                   Ice            40%        1d6       9%          1
 Shock                    Conj/Air       40%        1d5       9%          1
 Summon Small Mammal      Summ           40%        N/A       9%          1
 Leda's Liquefaction      Hex/Erth       16%        N/A       11%         4
 Passwall                 Tmut/Erth      8%         N/A       13%         2
 Invisibility             Hex            27%        N/A       22%         6
 Call Canine Familiar     Summ           10%        N/A       26%         3
 Frozen Ramparts          Ice            20%        1d4       26%         3
 Mephitic Cloud           Conj/Pois/Air  10%        N/A       26%         3
 Ozocubu's Armour         Ice            10%        N/A       26%         3
 Swiftness                Air            10%        N/A       26%         3
 Metabolic Englaciation   Hex/Ice        16%        N/A       30%         5
 Yara's Violent Unravell  Hex/Tmut       16%        3d8       30%         5
 Airstrike                Air            5%         N/A       63%         4
 Hailstorm                Conj/Ice       10%        3d5       63%         4
 Iskenderun's Mystic Bla  Conj/Tloc      10%        2d4       63%         4
 Alistair's Intoxication  Tmut/Pois      6%         N/A       93%         5
 Borgnjor's Vile Clutch   Necr/Erth      5%         N/A       93%         5
 Iskenderun's Battlesphe  Conj           10%        2d6       93%         5
 Eringya's Noxious Bog    Tmut/Pois      5%         N/A       100%        6
 Simulacrum               Ice/Necr       5%         N/A       100%        6
 Starburst                Conj/Fire      5%         6d4       100%        6
 Statue Form              Tmut/Erth      6%         N/A       100%        6
 Dragon Form              Tmut           5%         N/A       100%        7
 Monstrous Menagerie      Summ           5%         N/A       100%        7
 Orb of Destruction       Conj           5%         9d2       100%        7
 Spellforged Servitor     Conj/Summ      5%         N/A       100%        7
 Ignition                 Fire           5%         3d4       100%        8
 Chain Lightning          Conj/Air       5%         3d6       100%        9
 Dragon's Call            Summ           5%         N/A       100%        9


Dungeon Overview and Level Annotations

Branches:
Dungeon (15/15)            Temple (1/1) D:7            Lair (6/6) D:10
  Swamp (2/4) Lair:3       Spider (4/4) Lair:2        Slime (0/5) Lair:6
    Orc (2/2) D:9             Elf (0/3) Orc:2        Vaults (0/5) D:13
 Depths (0/5) D:15          Sewer (visited)         Ossuary (visited)
 Bailey (visited)           IceCv (visited)         Gauntlet (visited)

Altars:
Cheibriados
Dithmenos
Elyvilon
Fedhas
Gozag
Hepliaklqana
Kikubaaqudgha
Makhleb
Nemelex Xobeh
Qazlal
Ru
Sif Muna
Uskayaw
Vehumet
Wu Jian
Xom
Yredelemnul
Zin
Beogh

Shops:
D:3 ?   D:9 [[   D:12 *   Orc:2 :[(*   Lair:1 =   Lair:3 **

Annotations:
D:5 2 transporters, Stajl's ghost, novice MiFi
D:15 Roxanne


Innate Abilities, Weirdness & Mutations

You cannot wear most types of armour.
You are amphibious.
You can wear up to eight rings at the same time.
Your skin changes colour to match your surroundings (Stealth+).
Your rubbery body absorbs attacks. (AC +1, EV +1)
((You are camouflaged near water. (Stealth+)))
You have tentacles for arms and can constrict up to eight enemies at once.


Message History

You block the goliath frog's attack.
The swamp worm is distracted by your dazzling golden aura.
The goliath frog barely misses you.
The bunyip is distracted by your dazzling golden aura.
The bunyip gives a hideous shriek!
You puncture the goliath frog! You grab the goliath frog.
The goliath frog is lightly wounded.
Your +9 spectral quick blade hits the goliath frog.
You constrict the goliath frog. You puncture the goliath frog!
You squeeze the goliath frog.
The goliath frog is severely wounded.
Your +9 spectral quick blade hits the goliath frog.
You constrict the goliath frog, but do no damage.
You feel sick.
You catch the helpless goliath frog completely off-guard!
You skewer the goliath frog like a kebab!!!
You kill the goliath frog!
You hit the bunyip.
The bunyip is no longer distracted by gold.
The bunyip is severely wounded.
Your +9 spectral quick blade hits the bunyip.
You puncture the bunyip!
The bunyip is almost dead.
Your +9 spectral quick blade hits the bunyip.
You feel sick.
You are no longer poisoned.
The swamp worm no longer looks unusually strong.
The bunyip howls a warning cry!
You hear a shout!
You hear an angry buzzing noise. x2; You hear a shout! x2
You barely miss the bunyip.
The bunyip is almost dead.
Your +9 spectral quick blade hits the bunyip!
You closely miss the bunyip. Your squeeze misses the bunyip.
The bunyip is almost dead.
Your +9 spectral quick blade hits the bunyip.
The bunyip claws you!!
* * * LOW HITPOINT WARNING * * *
The bunyip claws you!!
You die...
Your body crumbles into a pile of gold.

♣♣♣♣♣♣♣♣♣♣♣ ♣♣
.♣≈♣.♣≈.≈♣≈♣♣≈♣♣≈♣.
........≈≈≈.≈≈.≈≈..≈.
.≈.≈......≈...≈≈..≈≈.≈
≈.≈.....≈.≈.≈≈≈.≈.≈...
.≈...§≈$≈.≈....≈..≈≈..
.≈≈.≈..$$≈...≈≈....≈..
≈.≈.≈§$.$$§..≈.≈....≈≈
...≈≈.≈@≈≈≈..≈≈.≈...≈$
....≈.(x.≈.$...$≈≈.≈..
.♣.≈≈≈.≈.≈...≈.≈.≈...♣
..≈.≈w.......).≈≈.....
≈≈.≈≈≈.≈w.≈.≈.....≈...
......≈≈≈≈.$≈......≈≈≈≈
....≈≈≈≈.≈≈≈≈.....§≈≈≈≈.
.≈≈...≈.≈...≈≈≈≈≈.≈≈≈≈...
≈≈..x≈≈.......≈≈..≈≈≈.♣♣.


You could see a bunyip (catching breath), 2 swamp worms and a friendly +9
spectral quick blade (summoned).

Vanquished Creatures
  Mara (Spider:4)
  Arachne (Spider:4)
  Kirke (D:13)
  Donald (Orc:2)
  8 emperor scorpions
  Louise (Spider:4)
  5 ghost moths
  3 reapers (IceCv)
  3 entropy weavers
  A minotaur (Gauntlet)
  Nessos (D:14)
  3 spark wasps
  Josephine (D:15)
  An eleionoma (Swamp:1)
  4 vault guards (D:13)
  12 hydras
  3 caustic shrike simulacra (IceCv)
  3 centaur warriors
  4 boulder beetles
  4 catoblepae
  An alligator (Swamp:1)
  3 two-headed ogres
  5 death yaks (Lair:6)
  A tengu warrior (D:15)
  Urug (Lair:4)
  4 goliath frogs
  A fire crab (Gauntlet)
  A death drake (Swamp:1)
  3 spriggan druids
  2 obsidian statues (IceCv)
  5 bog bodies
  A wizard (D:14)
  A swamp dragon (Swamp:2)
  3 orc knights
  3 deep elf pyromancers
  A necromancer (D:15)
  10 orc sorcerers
  13 orb spiders
  4 manticores
  An oklob plant (Lair:6)
  27 wolf spiders
  7 cyclopes
  15 ugly things
  3 moths of wrath
  A will-o-the-wisp (Swamp:1)
  8 elephants
  Maurice (D:8)
  An apocalypse crab (Gauntlet)
  An eye of devastation (Gauntlet)
  4 black mambas
  2 naga magi (D:15)
  3 gargoyles
  An unseen horror (D:13)
  13 cane toads
  Maggie (D:9)
  4 torpor snails
  5 centaur skeletons (D:15)
  3 kobold demonologists
  8 komodo dragons
  An ice devil (IceCv)
  4 freezing wraiths
  A tengu conjurer (D:15)
  An anaconda simulacrum (IceCv)
  7 demonic crawlers
  3 meliai (D:14)
  7 trolls
  2 entropy weaver simulacra (IceCv)
  37 jumping spiders
  4 polar bears
  6 golden dragon simulacra (IceCv)
  A queen bee (Lair:3)
  2 bloated husks (Swamp:1)
  A wind drake (shapeshifter) (D:13)
  11 hornets
  4 slime creatures (D:13)
  5 tyrant leeches
  21 blink frogs
  7 spriggans
  7 wyverns
  A dire elephant simulacrum (IceCv)
  A spriggan (shapeshifter) (D:13)
  24 tarantellas
  A vampire (D:13)
  5 wraiths (D:15)
  3 shadows
  4 hogs (D:13)
  70 redbacks
  38 yaks
  A golden eye (Gauntlet)
  8 humans (D:13)
  3 fire bats (Gauntlet)
  13 vampire mosquitoes
  A steam dragon (D:7)
  Menkaure (D:7)
  4 swamp worms
  10 wargs
  3 acid dragons
  A two-headed ogre zombie (D:9)
  A hydra simulacrum (IceCv)
  Duvessa (D:5)
  16 water moccasins
  A sky beast (D:7)
  2 swamp drakes (Swamp:1)
  2 black bears
  An ettin simulacrum (IceCv)
  27 orc warriors
  4 necrophages
  17 wolves
  11 ogres
  2 phantoms
  17 centaurs
  4 kobold brigands
  A gnoll sergeant (D:11)
  11 bullfrogs
  3 wyvern zombies (Ossuary)
  Dowan (D:5)
  3 water moccasin zombies (Ossuary)
  2 scorpions
  2 water moccasin skeletons
  3 troll zombies
  44 killer bees
  A lindwurm simulacrum (IceCv)
  6 electric eels
  2 wights (D:9)
  3 howler monkeys
  11 bullfrog zombies (Ossuary)
  A human zombie (D:9)
  4 jellies
  13 centaur zombies
  A hound (D:5)
  9 orc priests
  2 gnoll shamans (D:9)
  11 mummies
  42 orc wizards
  Natasha (D:2)
  5 iguanas
  A killer bee zombie (Ossuary)
  6 ogre zombies (D:9)
  5 howler monkey zombies
  A howler monkey skeleton (D:4)
  11 adders
  17 gnolls
  2 white imps
  2 adder skeletons (D:4)
  2 worms
  2 dart slugs
  65 orcs
  8 bats
  8 endoplasms
  22 goblins
  10 hobgoblins
  A quokka (D:3)
  3 ball pythons
  4 frilled lizards
  2 goblin skeletons (D:9)
  2 goblin zombies (D:9)
  2 hobgoblin skeletons (D:9)
  3 hobgoblin zombies (D:9)
  10 kobolds
  3 orc skeletons (D:9)
  13 orc zombies (D:9)
  9 rats
1059 creatures vanquished.

Vanquished Creatures (others)
  A bloated husk (Swamp:1)
  A spriggan (Swamp:1)
  A yak (Lair:6)
  A human (D:13)
  2 orcs (Orc:2)
  29 fungi
  64 plants
  A withered plant (Ossuary)
100 creatures vanquished.

Grand Total: 1159 creatures vanquished

Notes
Turn   | Place    | Note
-------+----------+-------------------------------------------
     0 | D:1      | Delamore the Octopode Brigand began the quest for the Orb.
     0 | D:1      | Reached XP level 1. HP: 14/14 MP: 1/1
   274 | D:1      | Reached XP level 2. HP: 19/19 MP: 2/2
   420 | D:1      | Reached skill level 6 in Stealth
   960 | D:2      | Reached XP level 3. HP: 23/24 MP: 3/3
  1416 | D:2      | Found a faded altar of an unknown god.
  1440 | D:2      | Noticed Natasha
  1447 | D:2      | Killed Natasha
  1448 | D:2      | Reached skill level 7 in Stealth
  1448 | D:2      | Reached XP level 4. HP: 29/29 MP: 4/4
  1712 | D:3      | Found a glowing drain.
  1722 | Sewer    | Entered a sewer
  1761 | Sewer    | Noticed a water moccasin
  1773 | Sewer    | Killed a water moccasin
  1774 | Sewer    | Reached skill level 8 in Stealth
  1774 | Sewer    | Reached XP level 5. HP: 7/34 MP: 5/5
  2231 | D:3      | Reached XP level 6. HP: 39/39 MP: 6/6
  2242 | D:3      | Found Poisix's Magic Scroll Shop.
  2250 | D:3      | You fall into a shaft and drop 3 floors!
  2295 | D:6      | Noticed a necrophage
  2308 | D:6      | Killed a necrophage
  2309 | D:6      | Reached skill level 9 in Stealth
  2817 | D:5      | Entered Level 5 of the Dungeon
  3032 | D:3      | Bought a scroll of blinking for 82 gold pieces
  3032 | D:3      | Bought a scroll of teleportation for 33 gold pieces
  3284 | D:4      | Reached XP level 7. HP: 45/45 MP: 7/7
  3325 | D:4      | Got Gaatozod's Volume of Quantum Ignition
  3516 | D:4      | Got the Compendium of Companions and Attacks
  3577 | D:4      | Reached skill level 10 in Stealth
  3831 | D:5      | Found a transporter.
  3832 | D:5      | Found a transporter.
  3832 | D:5      | Identified the +10 great mace of the Land of Plenty {holy,
                  | rF+++ rC- rCorr Int-5}
  3832 | D:5      | Noticed Stajl's ghost (novice MiFi)
  3911 | D:4      | Reached skill level 5 in Short Blades
  4655 | D:5      | Reached XP level 8. HP: 49/50 MP: 8/8
  4749 | D:5      | Noticed Duvessa
  4752 | D:5      | Noticed Dowan
  4756 | D:5      | Killed Duvessa
  4764 | D:5      | Killed Dowan
  5226 | D:6      | Reached skill level 5 in Dodging
  6177 | D:7      | Noticed a troll
  6214 | D:7      | Killed a troll
  6215 | D:7      | Reached XP level 9. HP: 17/54 MP: 9/9
  6596 | D:7      | Noticed Menkaure
  6598 | D:7      | Killed Menkaure
  7185 | D:7      | Found a staircase to the Ecumenical Temple.
  7199 | Temple   | Entered the Ecumenical Temple
  7224 | Temple   | Became a worshipper of Gozag Ym Sagoz the Greedy
  7293 | D:8      | Found a flagged portal.
  7335 | D:8      | Noticed Maurice
  7337 | D:8      | Killed Maurice
  7338 | D:8      | Reached skill level 11 in Stealth
  7551 | D:8      | Found a sand-covered staircase.
  7555 | Ossuary  | Entered an ossuary
  7569 | Ossuary  | Reached XP level 10. HP: 59/63 MP: 10/10
  8095 | Bailey   | Entered a bailey
  8294 | Bailey   | Reached skill level 5 in Throwing
  8353 | Bailey   | Reached skill level 5 in Fighting
  8353 | Bailey   | Reached skill level 10 in Short Blades
  8492 | Bailey   | Found an iron altar of Okawaru.
  8492 | Bailey   | Noticed a kobold demonologist
  8492 | Bailey   | Noticed a kobold demonologist
  8519 | Bailey   | Killed a kobold demonologist
  8520 | Bailey   | Reached skill level 12 in Stealth
  8539 | Bailey   | Noticed an orc knight
  8543 | Bailey   | Killed an orc knight
  8544 | Bailey   | Reached skill level 13 in Stealth
  8556 | Bailey   | Acquired a +5 quick blade
  8591 | Bailey   | Killed a kobold demonologist
  9104 | Bailey   | Reached skill level 14 in Stealth
  9841 | D:8      | Reached XP level 11. HP: 58/71 MP: 11/11
 10155 | D:8      | Reached skill level 15 in Stealth
 10598 | D:8      | Reached skill level 1 in Evocations
 10792 | D:9      | Found a staircase to the Orcish Mines.
 11437 | D:9      | Found an ancient bone altar of Kikubaaqudgha.
 11746 | D:9      | Noticed a two-headed ogre
 11762 | D:9      | Killed a two-headed ogre
 11890 | D:9      | Noticed Maggie
 11924 | D:9      | Killed Maggie
 13173 | D:10     | Entered Level 10 of the Dungeon
 13182 | D:9      | Acquired a +4 ring of slaying
 13416 | D:10     | Noticed a deep elf pyromancer
 13470 | D:10     | Noticed a two-headed ogre
 13473 | D:10     | Killed a two-headed ogre
 13478 | D:10     | Reached skill level 5 in Evocations
 13510 | D:10     | Killed a deep elf pyromancer
 13589 | D:10     | Noticed a manticore
 13593 | D:10     | Killed a manticore
 13594 | D:10     | Reached XP level 12. HP: 82/82 MP: 12/12
 13689 | D:10     | Found a staircase to the Lair.
 14192 | Lair:1   | Entered Level 1 of the Lair of Beasts
 15183 | Lair:1   | Learned a level 2 spell: Slow
 15185 | Lair:2   | Noticed a five-headed hydra
 15195 | Lair:2   | Killed a five-headed hydra
 15196 | Lair:2   | Reached skill level 1 in Hexes
 15202 | Lair:2   | Reached skill level 1 in Spellcasting
 15684 | Lair:2   | Noticed a five-headed hydra
 15691 | Lair:2   | Killed a five-headed hydra
 15840 | Lair:2   | Noticed a seven-headed hydra
 15843 | Lair:2   | Found a hole to the Spider Nest.
 15847 | Lair:2   | Killed a seven-headed hydra
 16545 | Lair:3   | Reached XP level 13. HP: 84/90 MP: 18/18
 16701 | Lair:3   | Found a staircase to the Swamp.
 16740 | Lair:3   | Reached skill level 5 in Hexes
 17578 | Lair:4   | Reached skill level 10 in Fighting
 17578 | Lair:4   | Reached skill level 10 in Dodging
 17595 | Lair:4   | Reached skill level 5 in Spellcasting
 17703 | Lair:4   | Noticed Urug
 17710 | Lair:4   | Killed Urug
 18240 | Lair:4   | Found a hazy altar of Hepliaklqana.
 18354 | Lair:4   | Reached skill level 16 in Stealth
 18975 | Lair:5   | Found an ornate altar of the Wu Jian Council.
 18975 | Lair:5   | Found a hide-covered altar of Uskayaw.
 18987 | Lair:5   | Reached skill level 1 in Shields
 19327 | Lair:5   | Identified the +7 dagger of the Realm of Zot {speed, *Noise
                  | rF- rC++ rN+++}
 19888 | Lair:6   | Entered Level 6 of the Lair of Beasts
 19917 | Lair:6   | Found an ancient bone altar of Kikubaaqudgha.
 19984 | Lair:6   | Reached XP level 14. HP: 69/99 MP: 21/21
 20089 | Lair:6   | Reached skill level 17 in Stealth
 20544 | Lair:6   | Reached skill level 10 in Evocations
 20603 | Lair:6   | Reached skill level 18 in Stealth
 20695 | Lair:6   | Found a staircase to the Slime Pits.
 20767 | Lair:6   | Found the ring of the Tortoise {AC+8}
 21579 | Lair:6   | Identified the +10 quarterstaff of Incongruity {flame,
                  | Int+2}
 22059 | Orc:1    | Entered Level 1 of the Orcish Mines
 22218 | Orc:2    | Entered Level 2 of the Orcish Mines
 22228 | Orc:2    | Noticed Donald
 22250 | Orc:2    | Killed Donald
 22941 | Orc:2    | Found a staircase to the Elven Halls.
 23074 | Orc:2    | Found Rola's Armour Emporium.
 23074 | Orc:2    | Found Naull's Book Boutique.
 23119 | Orc:2    | Reached XP level 15. HP: 103/103 MP: 22/22
 23164 | Orc:2    | Found Rineuss's Assorted Antiques.
 23164 | Orc:2    | Found Laniymo's Antique Weapon Boutique.
 23170 | Orc:2    | Paralysed by an orc sorcerer for 4 turns
 23178 | Orc:2    | Reached skill level 5 in Shields
 23199 | Orc:2    | Reached skill level 19 in Stealth
 23919 | Orc:2    | Bought a book of the Dragon for 782 gold pieces
 23919 | Orc:2    | Bought a book of Spectacle for 544 gold pieces
 23923 | Orc:2    | Learned a level 3 spell: Dazzling Flash
 23928 | Orc:2    | Learned a level 4 spell: Cause Fear
 23990 | D:9      | Bought the +2 hat of Philately {rC+ rCorr Str-4 SInv} for
                  | 294 gold pieces
 24082 | D:11     | Found a gate leading to a gauntlet.
 24093 | Gauntlet | Entered a Gauntlet
 24093 | Gauntlet | Found a transporter.
 24093 | Gauntlet | Found a runed translucent door.
 24094 | Gauntlet | Found a runed translucent door.
 24096 | Gauntlet | Found a transporter.
 24098 | Gauntlet | Found a transporter.
 24115 | Gauntlet | Found a transporter.
 24117 | Gauntlet | Found a transporter.
 24127 | Gauntlet | Found a transporter.
 24140 | Gauntlet | Found a transporter.
 24145 | Gauntlet | Found a transporter.
 24148 | Gauntlet | Found a runed translucent door.
 24165 | Gauntlet | Found a transporter.
 24170 | Gauntlet | Found a transporter.
 24183 | Gauntlet | Found a runed translucent door.
 24184 | Gauntlet | Found a transporter.
 24185 | Gauntlet | Found a runed translucent door.
 24186 | Gauntlet | Found a transporter.
 24218 | Gauntlet | Found a transporter.
 24232 | Gauntlet | Found a transporter.
 24411 | Gauntlet | Identified the ring "Zaetior" {rPois Str+5}
 24454 | Gauntlet | Identified the +2 dagger of Bogest {freeze, rElec rCorr
                  | Str-3}
 25239 | D:3      | Bought a scroll of identify for 22 gold pieces
 25239 | D:3      | Bought a scroll of identify for 22 gold pieces
 25239 | D:3      | Bought a scroll of identify for 22 gold pieces
 25239 | D:3      | Bought a scroll of identify for 22 gold pieces
 25239 | D:3      | Bought a scroll of teleportation for 33 gold pieces
 25972 | D:12     | Bought a scroll of magic mapping for 122 gold pieces
 25972 | D:12     | Bought a scroll of fear for 122 gold pieces
 25972 | D:12     | Bought a scroll of fear for 122 gold pieces
 26054 | D:13     | Identified the +0 chain mail "Ticzur" {Slay+6}
 26270 | D:13     | Found a gate to the Vaults.
 26660 | D:13     | Found a hide-covered altar of Uskayaw.
 26850 | D:13     | Noticed Kirke
 26875 | D:13     | Killed Kirke
 27681 | D:14     | Found a white marble altar of Elyvilon.
 27829 | D:14     | Noticed Nessos
 27836 | D:14     | Killed Nessos
 28027 | D:14     | Got the Handbook of Flight and Earth
 28087 | D:15     | Entered Level 15 of the Dungeon
 28169 | D:15     | Noticed Josephine
 28192 | D:15     | Killed Josephine
 28240 | D:15     | Identified Roxanne's Incunabulum of Stones
 28240 | D:15     | Noticed Roxanne
 28272 | D:15     | Found a gateway to a bazaar.
 28277 | D:15     | Reached XP level 16. HP: 109/109 MP: 23/23
 28584 | Bazaar   | Entered a bazaar
 28584 | Bazaar   | Found Zavvess's Jewellery Emporium.
 28584 | Bazaar   | Found Upusith's Antique Armour Emporium.
 28598 | Bazaar   | Found Cyakappo's Assorted Antiques.
 28605 | Bazaar   | Found Wuin's Weapon Boutique.
 28623 | Bazaar   | Found Qeuwioky's Book Shop.
 28667 | Bazaar   | Bought a ring of willpower for 225 gold pieces
 28689 | Bazaar   | Bought 8 silver javelins for 211 gold pieces
 28689 | Bazaar   | Bought 2 throwing nets for 66 gold pieces
 28696 | Bazaar   | Bought 2 potions of heal wounds for 280 gold pieces
 28696 | Bazaar   | Bought a scroll of identify for 56 gold pieces
 29089 | D:15     | Found a staircase to the Depths.
 29462 | Spider:1 | Entered Level 1 of the Spider Nest
 29494 | Spider:1 | Found a frozen archway.
 29511 | Spider:1 | Reached skill level 20 in Stealth
 29548 | IceCv    | Entered an ice cave
 31571 | Spider:2 | Reached XP level 17. HP: 115/115 MP: 24/24
 31845 | Spider:2 | Learned a level 3 spell: Tukima's Dance
 31905 | Spider:2 | Reached skill level 10 in Throwing
 32330 | Spider:3 | Reached skill level 10 in Hexes
 32595 | Spider:3 | Reached skill level 10 in Shields
 33299 | Spider:4 | Entered Level 4 of the Spider Nest
 33348 | Spider:4 | Noticed Mara
 33378 | Spider:4 | Noticed Delamore's illusion
 33390 | Spider:4 | Killed Mara
 33461 | Spider:4 | Noticed Louise
 33467 | Spider:4 | Killed Louise
 33740 | Spider:4 | Noticed Arachne
 33748 | Spider:4 | Killed Arachne
 34042 | Spider:4 | Reached XP level 18. HP: 47/120 MP: 18/28
 35104 | Spider:4 | Got a gossamer rune of Zot
 35274 | Swamp:1  | Entered Level 1 of the Swamp
 35276 | Swamp:1  | Reached skill level 15 in Evocations
 35317 | Lair:3   | Bought a serpentine pewter ring for 170 gold pieces
 35317 | Lair:3   | Identified the ring of the Oligarchy {rPois Str+2 Dex-3
                  | Stlth+} (You bought it in a shop on level 3 of the Lair of
                  | Beasts)
 35614 | Swamp:1  | Acquired a manual of Spellcasting
 36200 | Swamp:2  | Slain by a bunyip

Illustrated notes

Levels and vault maps discovered:
D:1:      eino_arrival_water_cross, layout_basic
D:2:      layout_loops_ring, shapermc_ecumenical_altar_mp_urbaneastern,
          minmay_randomly_rotated_circles, uniq_natasha
D:3:      layout_basic, serial_shops, shop, portal_sewer_entry_d
D:4:      layout_cave_pods, st_stairs_12, amcnicky_mini_rare_corridor_liquid,
          hangedman_glass_teeth, minmay_ogre_servants
D:5:      layout_basic, gammafunk_ghost_smash, grunt_decor_arrowhead,
          uniq_duvessa
D:6:      layout_layer_cave, chequers_serial_rivers_large_b, moated_statue
D:7:      layout_loops_cross, minmay_temple_entry_hall, uniq_menkaure
D:8:      layout_loops_ring, enter_bailey_8,
          nicolae_ossuary_entry_false_entrances, serial_rivers,
          chequers_serial_rivers_micro_d, chequers_serial_rivers_small_3,
          chequers_serial_rivers_room_b, chequers_serial_rivers_large_a,
          uniq_maurice
D:9:      kennysheep_seaside_town, layout_irregular_city,
          lemuel_mausoleum_altar_kikubaaqudgha, zombieorc2_lemuel, uniq_maggie
D:10:     layout_basic, david_lair_shrubbed
D:11:     layout_roguey, gauntlet_entry_generic
D:12:     layout_rooms
D:13:     layout_basic, ximxim_vaults_locker_room,
          nicolae_uskayaw_murder_on_the_dancefloor, uniq_kirke
D:14:     layout_gridville, elyvilon_altar_4, uniq_nessos
D:15:     grunt_enter_depths_magical_seal, layout_loops_ring,
          hellmonk_bongcloud_opening, serial_shops, bzr_entry_dummy,
          uniq_roxanne, uniq_josephine
Temple:   grunt_wide_crystal_templ
Lair:1:   layout_concentric_octagons, minmay_stone_trees_medium
Lair:2:   layout_long_grid, dummy_spider_entry, infiniplex_staircase_pool_2,
          grunt_megastairs_2
Lair:3:   layout_roguey [special_room_bee], minmay_swamp_entry_reptiles,
          cheibrodos_lair_reptile_den, grunt_megastairs_5
Lair:4:   layout_cave_pods, lemuel_centaur_altar, uniq_urug
Lair:5:   layout_roguey, nzn_masters_of_martial_movement
Lair:6:   evilmike_catoblepas_cave, layout_loops_ring, slime_dummy, basic_altar,
          serial_bayou_shore_a
Swamp:1:  layout_basic_swamp, evilmike_swamp_ruin_house_3,
          nicolae_swamp_orc_logging_accident, nicolae_swamp_fairy_circle,
          swamp_pool3, cheibrodos_swamp_minitomb
Swamp:2:  layout_falls_marsh, nicolae_swamp_oxbows, infiniplex_staircase_pool,
          uniq_nikola
Spider:1: nicolae_spider_mines_3, portal_ice_cave_entry_ugly_swarm
Spider:2: layout_spider_delve
Spider:3: layout_spider_delve
Spider:4: spider_rune_water, drop_trap, uniq_mara, uniq_louise, uniq_arachne
Orc:1:    layout_diamond_mine
Orc:2:    st_orc_town, layout_diamond_mine, uniq_donald

Skill      XL: |  1  2  3  4  5  6  7  8  9 10 11 12 13 14 15 16 17 18 |
---------------+-------------------------------------------------------+-----
Stealth        | 6 7 8 9 10 11 14 15 16 18 19 20 | 20.0
Short Blades   | 3 4 5 8 9 10 | 10.0
Dodging        | 3 5 7 9 10 | 10.0
Throwing       | 4 5 7 9 10 | 10.0
Fighting       | 4 5 7 9 10 | 10.0
Evocations     | 5 8 10 11 12 14 15 | 15.0
Hexes          | 4 5 7 9 10 | 10.0
Spellcasting   | 3 5 6 9 |  9.0
Shields        | 3 4 7 9 11 12 | 12.5

Action                   |  1- 3 |  4- 6 |  7- 9 | 10-12 | 13-15 | 16-18 || total
-------------------------+-------+-------+-------+-------+-------+-------++-------
Melee: Dagger            |    46 |    65 |   154 |   143 |       |       ||   408
       Constrict         |     5 |    10 |    26 |   126 |   153 |   174 ||   494
       Tentacles         |     3 |     8 |    28 |   161 |   335 |   268 ||   803
       Quick blade       |       |       |       |   634 |  1211 |   945 ||  2790
Throw: Dart              |       |     5 |    18 |    12 |     2 |       ||    37
       Boomerang         |       |       |       |       |    24 |    20 ||    44
       Javelin           |       |       |       |       |     1 |       ||     1
 Cast: Dazzling Flash    |       |       |       |       |     2 |    10 ||    12
       Tukima's Dance    |       |       |       |       |       |     2 ||     2
Invok: Call Merchant     |       |       |       |     2 |     2 |     2 ||     6
       Potion Petition   |       |       |       |       |       |     1 ||     1
  Use: Scroll            |     3 |     4 |     6 |    10 |    12 |    15 ||    50
       Potion            |       |     3 |       |     1 |     1 |     3 ||     8
 Stab: Sleeping          |    13 |    15 |    27 |    40 |    43 |    64 ||   202
       Distracted        |       |       |     2 |    15 |    12 |    33 ||    62
       Invisible         |       |       |       |       |     1 |     9 ||    10
Armor: Skin              |     4 |     4 |     8 |    52 |    80 |   118 ||   266
Dodge: Dodged            |    30 |    29 |    69 |   239 |   416 |   354 ||  1137
Block: Buckler           |       |       |       |       |   113 |    22 ||   135
       Kite shield       |       |       |       |       |       |   298 ||   298
